 Seeded DCSS version 0.31-a0-596-g831eee08f1 (webtiles) character file.

Game seed: 13072137714890895578 (custom seed)

162 sircluck the Trooper (level 5, -1/47 HPs)
             Began as a Hill Orc Fighter on Aug 20, 2023.
             Slain by a gnoll
             ... wielding a +0 club
              (2 damage)
             ... on level 3 of the Dungeon.
             The game lasted 00:03:43 (2075 turns).

sircluck the Trooper (Hill Orc Fighter)             Turns: 2075, Time: 00:03:43

Health: -1/47      AC:  7    Str: 21    XL:     5   Next: 43%
Magic:  5/5        EV:  6    Int:  8    God:
Gold:   174        SH:  4    Dex: 10    Spells: 4/4 levels left

rFire   . . .        a - +0 war axe
rCold   . . .        c - +0 buckler
rNeg    . . .        b - +0 scale mail
rPois   .            (no helmet)
rElec   .            (no cloak)
rCorr   .            (no gloves)
SInv    .            (no boots)
Will    .....        (no amulet) Stlth
                     (no ring)
HPRegen 0.27/turn    (no ring)
MPRegen 0.09/turn

%: no passive effects
@: constricted
A: no striking features
a: no special abilities


You were on level 3 of the Dungeon.
You visited 1 branch of the dungeon, and saw 3 of its levels.

You collected 174 gold pieces.

Inventory:

Hand Weapons
 a - a +0 war axe (weapon)
Missiles
 i - 22 stones
 p - 11 poisoned darts
Armour
 b - a +0 scale mail (worn)
 c - a +0 buckler (worn)
 n - a +0 helmet
Jewellery
 l - a ring of willpower
 t - a ring of positive energy
 u - a +6 ring of strength
Talismans
 o - a storm talisman
Scrolls
 f - a scroll of identify
 g - a scroll of revelation {unknown}
 j - 2 scrolls of teleportation
 k - a scroll of immolation {unknown}
 q - a scroll of silence {unknown}
 r - a scroll of blinking {unknown}
Potions
 d - a potion of might
 e - 2 potions of brilliance {unknown}
 h - a potion of curing {unknown}
 m - 2 potions of degeneration {unknown}
 s - a potion of cancellation {unknown}


   Skills:
 + Level 4.7 Fighting
 + Level 4.2 Axes
 + Level 4.3 Armour
 + Level 4.3 Shields


You had 4 spell levels left.
You didn't know any spells.
Your spell library contained the following spells:

 Spells                   Type           Power      Damage    Failure   Level
 Hailstorm                Conj/Ice       0%         3d3       99%         3
 Arcjolt                  Conj/Air       0%         1d10      100%        5
 Summon Horrible Things   Summ           0%         N/A       100%        8


Dungeon Overview and Level Annotations

Branches:
Dungeon (3/15)

Altars:
Wu Jian

Shops:
D:1 [


Message History

The gnoll is heavily wounded.
The gnoll hits you but does no damage.
The gnoll throws a stone.
The stone closely misses you. The gnoll hits you with a +0 spear!
You barely miss the gnoll.
The gnoll is heavily wounded.
The gnoll hits you with a +0 spear!
You barely miss the gnoll.
The gnoll is heavily wounded.
You hit the gnoll. The gnoll hits you but does no damage.
You block the gnoll's attack. The ball python barely misses you.
The ball python grabs you. The ball python constricts you.
You closely miss the ball python. You closely miss the gnoll.
You barely miss the gnoll. You slash the gnoll!
You kill the gnoll!
The gnoll hits you with a +0 club. x2
The ball python bites you but does no damage.
The ball python constricts you. The gnoll hits you with a +0 club.
You block the gnoll's attack. The gnoll hits you with a +0 flail!
* * * LOW HITPOINT WARNING * * *
You are too injured to fight recklessly!
You are too injured to fight recklessly!
You are too injured to fight recklessly!
You are too injured to fight recklessly!
You are too injured to fight recklessly!
You are too injured to fight recklessly!
You are too injured to fight recklessly!
You are too injured to fight recklessly!
You are too injured to fight recklessly!
You are too injured to fight recklessly!
You are too injured to fight recklessly!
You are too injured to fight recklessly!
As you read the scroll labelled UNABOA LOIF, it crumbles to dust.
It is a scroll of identify.
j - 2 scrolls of teleportation The ball python bites you.
* * * LOW HITPOINT WARNING * * *
The ball python constricts you. The gnoll hits you with a +0 flail.
* * * LOW HITPOINT WARNING * * *
The gnoll hits you with a +0 club.
You die...

......#
#...##........
..>...#
#[..##......###
......#
#...##........
......#
#...#........
......#
#.......#.#####
......#
#....#........#
......#
#...###.##.##.#
......#
#.#.........#
#...###
#..#..g@....##
#...#
...##..gSg...#
#...# ####
#........#
#....
....<.....#
##..##
............#
#..#
............#
.............
..............


You could see 3 gnolls and a ball python.

Vanquished Creatures
  Jessica (D:2)
  5 gnolls
  An adder (D:3)
  A worm (D:2)
  3 dart slugs
  8 ball pythons
  4 endoplasms
  4 giant cockroaches
  7 goblins
  6 hobgoblins
  2 jackals (D:2)
  3 kobolds
  3 quokkas
  13 bats
  2 frilled lizards
  5 rats
68 creatures vanquished.

Notes
Turn   | Place    | Note
-------+----------+-------------------------------------------
     0 | D:1      | sircluck the Hill Orc Fighter began the quest for the Orb.
     0 | D:1      | Reached XP level 1. HP: 19/19 MP: 1/1
    45 | D:1      | Reached XP level 2. HP: 27/27 MP: 2/2
   227 | D:1      | Reached XP level 3. HP: 33/33 MP: 3/3
   278 | D:1      | Found Ycroisao's Armour Shop.
   933 | D:2      | Found a faded altar of an unknown god.
   938 | D:2      | Found an ornate altar of the Wu Jian Council.
   974 | D:2      | Reached XP level 4. HP: 23/41 MP: 4/4
  1131 | D:2      | Noticed Jessica
  1132 | D:2      | Killed Jessica
  1133 | D:2      | Reached XP level 5. HP: 47/47 MP: 5/5
  1164 | D:2      | Got the Folio of Congregated Assaults
  2075 | D:3      | HP: 1/47 [gnoll/+0 flail (4)]
  2075 | D:3      | Slain by a gnoll

Illustrated notes

Levels and vault maps discovered:
D:1:      saegor_arrival_simple_d, layout_rooms, serial_shops,
          nicolae_square_shop
D:2:      layout_loops_corners, basic_altar, ebering_ecumenical_altar_mist,
          nicolae_underground_beach, uniq_jessica
D:3:      layout_basic, tso_oasis_becter, grunt_ministairs_9,
          kennysheep_generic_room_3, uniq_sigmund, uniq_natasha

Skill      XL: |  1  2  3  4 |
---------------+-------------+-----
Axes           | 3 4 |  4.2
Fighting       | 4 |  4.7
Armour         | 4 |  4.3
Shields        | 4 |  4.3

Action                     |  1- 3 |  4- 6 || total
---------------------------+-------+-------++-------
  Melee: War axe           |    96 |    82 ||   178
    Use: Scroll            |       |     1 ||     1
 Armour: Scale mail        |    50 |    49 ||    99
  Dodge: Dodged            |    47 |    37 ||    84
  Block: Buckler           |    27 |    26 ||    53

Table legend: (Time is in decaauts)
 A = Elapsed time spent in this place.
 B = Non-inter-level travel time spent in this place.
 C = Inter-level travel time spent in this place.
 D = Time resting spent in this place.
 E = Time spent auto-exploring this place.
 F = Levels seen in this place.
 G = Mean time per level.
                   A        B        C        D        E       F      G
               +--------+--------+--------+--------+--------+-----+--------+
         Total |   2138 |   1903 |    235 |      0 |   1450 |   3 |  712.7 |
       Dungeon |   2138 |   1903 |    235 |      0 |   1450 |   3 |  712.7 |
               +--------+--------+--------+--------+--------+-----+--------+

Top non-repeatable levels by time:
     D:2: 1111 daAuts
     D:1: 798 daAuts
     D:3: 228 daAuts
